Map: King Sejong Station LE

Players

mugg

  • Race: Zerg Zerg
  • League: Diamond

llllllll - Winner!

  • Race: Terran Terran
  • League: Diamond

VOD

Have the link to the VOD?

Description

Time

  • Played on: Oct. 3, 2016, 6 a.m.
  • Length: 6:04
Show
View Real Time Build Order
Export as new Build Order

mugg Zerg 

Build Orders: Hatch First 

Get SALT Encoding   

  12  0:01  Drone  
  13  0:08  Drone  
  14  0:16  Overlord  
  14  0:35  Drone x3  
  17  0:53  Hatchery  
  16  0:58  Drone  
  16  0:59  Drone  
  18  1:04  Extractor  
  18  1:07  Drone  
  18  1:24  Spawning Pool  
  18  1:25  Drone  
  18  1:28  Drone  
  19  1:40  Overlord  
  19  1:58  Drone  
  20  2:13  Metabolic Boost  
  20  2:16  Queen  
  20  2:17  Queen  
  20  2:20  Zergling x4  
  20  2:21  Zergling x4  
  28  2:39  Baneling Nest  
  27  2:51  Overlord, Drone  
  28  2:53  Zergling x4  
  28  2:54  Zergling x4  
  32  3:09  Drone  
  32  3:10  Drone  
  34  3:31  Drone x4  
  34  3:32  Drone x6  
  44  3:36  Spore Crawler  
  44  3:40  Spore Crawler  
  40  4:00  Roach Warren  
  40  4:02  Extractor  
  38  4:08  Spine Crawler  
  37  4:10  Spine Crawler  
  37  4:13  Spine Crawler  
  36  4:24  Zergling x10  
  36  4:25  Zergling x8  
  42  4:47  Roach  
  42  4:48  Roach x2  
  33  5:05  Roach x4  
  33  5:06  Roach x2  
  43  5:13  Ravager  
Show
View Real Time Build Order
Export as new Build Order

llllllll Terran - Winner!

Build Orders: Cyclone Opening 

Get SALT Encoding   

  12  0:01  SCV  
  13  0:13  SCV  
  14  0:18  Supply Depot  
  14  0:25  SCV  
  15  0:34  Refinery  
  15  0:40  SCV  
  16  0:45  Barracks  
  16  0:52  SCV  
  17  1:04  SCV  
  18  1:16  SCV  
  19  1:18  Refinery  
  19  1:31  Orbital Command  
  19  1:32  Marine  
  19  1:33  Supply Depot  
  20  1:44  Factory  
  20  2:00  SCV  
  21  2:09  Barracks Reactor, Supply Depot  
  21  2:17  SCV  
  22  2:29  SCV  
  23  2:35  Supply Depot  
  23  2:41  SCV  
  24  2:52  Cyclone x2  
  24  2:53  Marine, SCV  
  32  3:02  Supply Depot  
  32  3:05  SCV  
  33  3:11  Marine  
  33  3:20  SCV  
  33  3:24  Cyclone x2  
  33  3:26  Supply Depot  
  40  3:34  Marine  
  40  3:38  SCV  
  42  3:50  SCV  
  43  3:59  Cyclone x2  
  49  4:12  Marine  
  49  4:14  SCV  
  51  4:22  Command Center  
  51  4:33  Supply Depot  
  41  5:01  Hellion x2  
  46  5:18  Barracks Tech Lab  
  46  5:19  Factory x2  
Tags
 
Add a new tag
Caveats
  • Supply blocks, unpowered buildings, or Contaminate may cause inaccurate times.
  • Supply counts are checked every 10 seconds.